 Dungeon Crawl Stone Soup version 0.24.0-13-gcf9b3192b9 (webtiles) character file.

Game seed: 7835153002936719306, levelgen mode: deterministic

335 Amplified the Bolt Thrower (level 6, -5/50 HPs)
             Began as a Mummy Hunter on Nov 6, 2019.
             Slain by an ogre
             ... wielding a +0 giant club
              (16 damage)
             ... on level 4 of the Dungeon.
             The game lasted 00:04:49 (3352 turns).

Amplified the Bolt Thrower (Mummy Hunter)           Turns: 3352, Time: 00:04:50

Health: -5/50      AC:  5    Str: 17    XL:     6   Next: 28%
Magic:  6/6        EV: 11    Int: 10    God:
Gold:   166        SH:  0    Dex: 13    Spells: 5/5 levels left

rFire    x . .     SeeInvis .   a - +1 hand crossbow
rCold    + . .     Gourm    .   (no shield)
rNeg     + + +     Faith    .   h - +0 ring mail
rPois    ∞         Spirit   .   (no helmet)
rElec    .         Reflect  .   (no cloak)
rCorr    .         Harm     .   (no gloves)
MR       .....                  (no boots)
Stlth    +.........             (no amulet)
HPRegen  0.16/turn              (no ring)
MPRegen  0.10/turn              (no ring)

@: no status effects
A: no food or potions, fire vulnerability, cold resistance 1, negative energy
resistance 3, torment resistance, unbreathing
a: no special abilities


You were on level 4 of the Dungeon.
You were not hungry.

You visited 1 branch of the dungeon, and saw 4 of its levels.

You collected 166 gold pieces.

Inventory:

Hand Weapons
 a - a +1 hand crossbow (weapon)
 b - a +0 short sword
Missiles
 d - 2 bolts (quivered)
 f - 45 arrows
 g - 5 poisoned darts
 k - 24 sling bullets
Armour
 c - a +0 leather armour
 h - a +0 ring mail (worn)
 j - a +0 pair of gloves
Jewellery
 e - an uncursed ring of fire {unknown}
Scrolls
 i - a scroll of teleportation


   Skills:
 * Level 4.9 Fighting
 * Level 5.0 Crossbows
 - Level 1.5 Dodging
 - Level 0.7 Stealth


You had 5 spell levels left.
You didn't know any spells.
Your spell library was empty.

Dungeon Overview and Level Annotations

Branches:
Dungeon (4/15)
 Temple: D:4-7

Altars:


Innate Abilities, Weirdness & Mutations

You do not eat or drink.
Your flesh is vulnerable to fire.
You are immune to poison.
Your flesh is cold resistant. (rC+)
You are immune to negative energy. (rN+++)
You are immune to unholy pain and torment.
You can survive without breathing.


Message History

Firing (i - inventory. (/) - cycle)
d - 5 bolts (quivered)
Press: ? - help, Shift-Dir - straight line, f/p - ogre
Aim: an ogre, wielding a +0 giant club (heavily wounded)
You shoot a bolt. The bolt hits the ogre.
The ogre is severely wounded.
The ogre hits you with a +0 giant club!
You are too injured to fight recklessly!
Firing (i - inventory. (/) - cycle)
d - 4 bolts (quivered)
Press: ? - help, Shift-Dir - straight line, f/p - ogre
Aim: an ogre, wielding a +0 giant club (severely wounded)
You shoot a bolt. The bolt hits the ogre.
The ogre is almost dead.
The ogre hits you with a +0 giant club!
* * * LOW HITPOINT WARNING * * *
Firing (i - inventory. (/) - cycle)
d - 3 bolts (quivered)
Press: ? - help, Shift-Dir - straight line, f/p - ogre
Aim: an ogre, wielding a +0 giant club (almost dead)
You shoot a bolt. The bolt barely misses the ogre.
The ogre hits you with a +0 giant club!
You die...

...................# #### # #....
............(......#.# #.###
.............(.....#.# # #.#
..................##.####.###.###
.............(................#.#
................#.##.#######....#
...............((.##.............
....##O.##...######.#.. .#
#@................
#.....#........#####.##.
#.....#..##.....####....
#.....##.##.†#.###......
#..............###.###..
#.....####...####....... #.....#
#...# ####.... #.....# #...#
#.#.. #.....####...#######.#..


You could see an ogre.

Vanquished Creatures
  An ogre (D:4)
  A jelly (D:3)
  An iguana (D:4)
  3 worker ants
  5 adders
  A worm (D:3)
  2 dart slugs (D:2)
  2 leopard geckos
  12 goblins
  10 hobgoblins
  3 jackals
  5 kobolds
  5 quokkas
  2 ball pythons
  7 bats
  2 frilled lizards
  6 rats
68 creatures vanquished.

Notes
Turn   | Place    | Note
-------+----------+-------------------------------------------
     0 | D:1      | Amplified the Mummy Hunter began the quest for the Orb.
     0 | D:1      | Reached XP level 1. HP: 16/16 MP: 1/1
   172 | D:1      | Reached XP level 2. HP: 23/23 MP: 2/2
  1048 | D:2      | Reached XP level 3. HP: 26/28 MP: 3/3
  1454 | D:2      | Reached skill level 4 in Crossbows
  1471 | D:2      | Reached XP level 4. HP: 35/35 MP: 4/4
  2112 | D:4      | Noticed an ogre
  2973 | D:2      | You fall into a shaft and drop 1 floor!
  3020 | D:3      | Reached XP level 5. HP: 42/42 MP: 5/5
  3250 | D:4      | Noticed an ogre
  3254 | D:4      | Killed an ogre
  3254 | D:4      | Reached skill level 5 in Crossbows
  3254 | D:4      | Reached XP level 6. HP: 50/50 MP: 6/6
  3352 | D:4      | Slain by an ogre

Levels and vault maps discovered:
D:1:      dpeg_arrival_radiant, layout_basic, corexii_hall_statues_i
D:2:      minmay_alternating_diamond, layout_basic, minivault_11, st_stairs_9
D:3:      layout_basic, lemuel_coloured_pillars_altar, first_ration,
          minmay_goblin_outpost
D:4:      layout_basic, lemuel_zombie_altar_kikubaaqudgha, minmay_ogre_servants

Skill      XL: |  1  2  3  4  5 |
---------------+----------------+-----
Fighting       | 3 4 |  4.9
Crossbows      | 4 5 |  5.0
Dodging        | |  1.5
Stealth        | |  0.7

Action                   |  1- 3 |  4- 6 || total
-------------------------+-------+-------++-------
 Fire: Hand crossbow     |    82 |    89 ||   171
  Use: Scroll            |       |     4 ||     4
Armor: Leather armour    |     1 |       ||     1
       Ring mail         |     6 |    25 ||    31
Dodge: Dodged            |    26 |    32 ||    58
